 Dungeon Crawl Stone Soup version 0.32-a0-675-gdc239d62e1 (webtiles) character file.

Game seed: 1600241472074537760

1125 mopl the Ruffian (level 8, -2/52 HPs)
             Began as a Djinni Shapeshifter on Mar 11, 2024.
             Slain by a sixfirhy (10 damage)
             ... summoned by a kobold demonologist
             ... on level 7 of the Dungeon.
             The game lasted 00:04:03 (2311 turns).

mopl the Ruffian (Djinni Shapeshifter)              Turns: 2311, Time: 00:04:04

Health: -2/52      AC:  9    Str: 15    XL:     8   Next: 61%
Gold:   268        EV: 12    Int: 12    God:
                   SH:  0    Dex: 13

rFire   + +          .
                       - Unarmed
rCold   x . .        (no shield)
rNeg    . . .        y - +0 steam dragon scales
rPois   ∞            (helmet currently unavailable)
rElec   .            (cloak currently unavailable)
rCorr   .            (gloves currently unavailable)
SInv    .            (boots unavailable)
Will    .....        o - amulet of the acrobat
Stlth   +            f - +4 ring of protection
HPRegen 0.28/turn    (no ring)
MPRegen 0.00/turn

%: acrobat, infuse magic (-3 HP)
@: beast-form, flying
A: beast (slay +3), flying, sickness immunity, fire resistance 2, cold
vulnerability 1, float, innate caster, HP casting, extra vitality 1
a: Begin Untransformation


You were on level 7 of the Dungeon.
You were a hulking beast.
You visited 1 branch of the dungeon, and saw 5 of its levels.

You collected 268 gold pieces.

Inventory:

Hand Weapons
 w - a +0 dagger of venom
Missiles
 p - 6 boomerangs
 x - 6 poisoned darts (quivered)
Armour
 h - a +2 hat
 y - +0 steam dragon scales (worn)
Jewellery
 f - a +4 ring of protection (left hand)
 o - an amulet of the acrobat (around neck)
Talismans
 c - a beast talisman (active)
 d - a flux talisman
Wands
 u - a wand of roots (5)
Scrolls
 e - 4 scrolls of identify {unknown}
 j - 2 scrolls of teleportation {unknown}
 k - a scroll of torment {unknown}
 l - 2 scrolls of acquirement {unknown}
 m - a scroll of fear {unknown}
 n - a scroll of poison {unknown}
 q - a scroll of butterflies {unknown}
 t - a scroll of amnesia {unknown}
 v - a scroll of noise {unknown}
Potions
 a - a potion of haste {unknown}
 i - a potion of heal wounds {unknown}
 r - 2 potions of attraction {unknown}
 s - a potion of resistance {unknown}


   Skills:
 - Level 1.0 Fighting
 - Level 2.1 Dodging
 + Level 7.4 Unarmed Combat
 + Level 6.3 Shapeshifting


You knew the following spells:

 Your Spells              Type           Power      Damage    Failure   Level
a - Slow                  Hex            0%         N/A       32%         1
b - Searing Ray           Conj           0%         2d4       45%         2
c - Gell's Gravitas       Tloc           0%         N/A       69%         3
Your spell library was empty.

Dungeon Overview and Level Annotations

Branches:
Dungeon (4/15)
 Temple: D:4-7

Altars:
Yredelemnul
The Shining One


Innate Abilities, Weirdness & Mutations

You are a hulking beast.
Your limbs bulge with bestial killing power. (Slay +3)
You are flying.
You are immune to sickness and miasma.
You are immune to poison.
Your flesh is very heat resistant. (rF++)
You are vulnerable to cold. (rC-)
You float through the air rather than walking.
You learn spells naturally, not from books.
Your magical power is your life essence.
You have superior vitality. (+4 MHP)


Message History

Your transformation is almost over.
The quasit disappears in a puff of smoke!
The kobold demonologist mumbles some strange words.
The kobold demonologist hits you but does no damage.
You pummel the kobold demonologist!!
The kobold demonologist is almost dead.
The kobold demonologist casts a spell.
You smack the kobold demonologist!
You kill the kobold demonologist!
The crimson imp disappears in a puff of smoke!
The quasit disappears in a puff of smoke!
The orange demon disappears in a puff of smoke!
Your Unarmed Combat skill increases to level 7!
Your Shapeshifting skill increases to level 6!
The soul eater disappears in a puff of smoke!
The crimson imp blinks!
Unknown command.
You closely miss the kobold demonologist.
The kobold demonologist hits you but does no damage.
You completely miss the kobold demonologist.
The kobold demonologist hits you but does no damage.
You hit the kobold demonologist.
The kobold demonologist is lightly wounded.
The kobold demonologist hits you but does no damage.
You hit the kobold demonologist.
The kobold demonologist is lightly wounded.
The kobold demonologist hits you but does no damage.
The crimson imp blinks!
You barely miss the kobold demonologist.
The kobold demonologist is lightly wounded.
You closely miss the sixfirhy.
You feel less wooden.
Your +0 steam dragon scales unmelds from your body.
You turn into a hulking beast.
The sixfirhy hits you! The sixfirhy shocks you! The sixfirhy hits you.
The sixfirhy shocks you!
* * * LOW HITPOINT WARNING * * *
The sixfirhy hits you.
* * * LOW HITPOINT WARNING * * *
The sixfirhy shocks you!
You die...

###.....####.......#
#>......##.........
#.#.....##.....#
#'#............#
#÷#.....#####..#
#.#....##÷..##.##
##.######÷÷)..##.#
####..÷####K5....
#.#####
+÷.......h3KK..5)
#.#...##
####...####45§...
#....... ##.##
K....##.....## #.#
...##..###.## #÷#
####........ #+#
#......## #......#
#......# #......#


You could see an ice devil (summoned), a kobold demonologist, a sixfirhy
(summoned), 3 kobold brigands, an iron imp (summoned), a crimson imp (summoned)
and an ufetubus (summoned).

Vanquished Creatures
  2 kobold demonologists (D:7)
  A steam dragon (D:7)
  A sky beast (D:7)
  A scorpion (D:7)
  2 hounds (D:3)
  3 orc wizards
  5 gnolls
  5 adders
  2 ribbon worms
  11 orcs
  4 endoplasms
  A giant cockroach (D:1)
  7 goblins
  5 hobgoblins
  4 quokkas
  7 ball pythons
  3 bats
  5 kobolds
  11 rats
80 creatures vanquished.

Notes
Turn   | Place    | Note
-------+----------+-------------------------------------------
     0 | D:1      | mopl the Djinni Shapeshifter began the quest for the Orb.
     0 | D:1      | Reached XP level 1. HP: 17/17 MP: 0/0
   150 | D:1      | Reached XP level 2. HP: 16/22 MP: 0/0
   207 | D:1      | Reached skill level 3 in Shapeshifting
   488 | D:1      | Reached XP level 3. HP: 27/27 MP: 0/0
   488 | D:1      | Learned a level 1 spell: Slow
   684 | D:2      | Found a faded altar of an unknown god.
   858 | D:1      | Reached XP level 4. HP: 24/32 MP: 0/0
   907 | D:1      | Reached skill level 4 in Unarmed Combat
  1378 | D:3      | Reached XP level 5. HP: 37/37 MP: 0/0
  1378 | D:3      | Learned a level 2 spell: Searing Ray
  1558 | D:3      | Found a glowing golden altar of the Shining One.
  1635 | D:3      | Reached skill level 4 in Shapeshifting
  1685 | D:3      | Reached XP level 6. HP: 39/42 MP: 0/0
  1792 | D:3      | Found a basalt altar of Yredelemnul.
  1990 | D:4      | Reached skill level 5 in Unarmed Combat
  2120 | D:4      | You are sucked into a shaft and drop 3 floors!
  2149 | D:7      | Noticed a steam dragon
  2149 | D:7      | Noticed a sky beast
  2161 | D:7      | Killed a steam dragon
  2161 | D:7      | Killed a sky beast
  2162 | D:7      | Reached skill level 6 in Unarmed Combat
  2162 | D:7      | Reached skill level 5 in Shapeshifting
  2162 | D:7      | Reached XP level 7. HP: 41/47 MP: 0/0
  2162 | D:7      | Learned a level 3 spell: Gell's Gravitas
  2275 | D:7      | Found the +7 Throatcutter {drain, coup de grace}
  2275 | D:7      | Noticed a kobold demonologist
  2275 | D:7      | Noticed a kobold demonologist
  2275 | D:7      | Noticed a kobold demonologist
  2280 | D:7      | Noticed a soul eater
  2288 | D:7      | Killed a kobold demonologist
  2289 | D:7      | Reached XP level 8. HP: 52/52 MP: 0/0
  2293 | D:7      | Noticed a sixfirhy
  2294 | D:7      | Noticed an ice devil
  2304 | D:7      | Noticed an orange demon
  2304 | D:7      | Killed a kobold demonologist
  2305 | D:7      | Reached skill level 7 in Unarmed Combat
  2305 | D:7      | Reached skill level 6 in Shapeshifting
  2311 | D:7      | Slain by a sixfirhy

Illustrated notes

Levels and vault maps discovered:
D:1:      dpeg_arrival_castle, layout_loops_ring
D:2:      layout_basic, dreamdust_ecumenical_altar_hidden_monk_grotto
D:3:      layout_rooms, amcnicky_altar_gilded, tso_oasis_becter
D:4:      layout_rooms, hex_intersection
D:7:      layout_basic, mainiacjoe_overflow_catwalk, serial_shops, shop,
          serial_curves, eino_curves_04, eino_curves_01,
          nicolae_concentric_dashed_squares_wild, dilly_guarded_unrand_throatcut

Skill      XL: |  1  2  3  4  5  6  7  8 |
---------------+-------------------------+-----
Shapeshifting  | 3 4 5 6 |  6.3
Unarmed Combat | 4 6 7 |  7.4
Fighting       | |  1.0
Dodging        | |  2.1

Action                     |  1- 3 |  4- 6 |  7- 9 || total
---------------------------+-------+-------+-------++-------
  Melee: Unarmed           |    70 |   153 |    52 ||   275
         Punch             |     3 |     1 |     1 ||     5
  Evoke: Wand              |       |     2 |       ||     2
    Use: Potion            |       |       |     1 ||     1
   Stab: Sleeping          |       |       |     1 ||     1
 Armour: Animal skin       |    13 |       |       ||    13
         Chain mail        |    33 |   104 |       ||   137
         Steam dragon scal |       |       |    13 ||    13
         Skin              |       |       |    22 ||    22
  Dodge: Dodged            |    25 |    48 |    10 ||    83

Table legend: (Time is in decaauts)
 A = Elapsed time spent in this place.
 B = Non-inter-level travel time spent in this place.
 C = Inter-level travel time spent in this place.
 D = Time resting spent in this place.
 E = Time spent auto-exploring this place.
 F = Levels seen in this place.
 G = Mean time per level.
                   A        B        C        D        E       F      G
               +--------+--------+--------+--------+--------+-----+--------+
         Total |   2291 |   2221 |     70 |    157 |   1418 |   5 |  458.2 |
       Dungeon |   2291 |   2221 |     70 |    157 |   1418 |   5 |  458.2 |
               +--------+--------+--------+--------+--------+-----+--------+

Top non-repeatable levels by time:
     D:1: 834 daAuts
     D:3: 620 daAuts
     D:2: 474 daAuts
     D:7: 183 daAuts
     D:4: 177 daAuts
